 Dungeon Crawl Stone Soup version 0.23-a0-703-gdf2d5e0 (webtiles) character file.

81 Scypho the Grasshopper (level 4, -3/19 HPs)
             Began as a Felid Warper on Jan 13, 2019.
             Was an Initiate of Dithmenos.
             Killed from afar by Natasha (7 damage)
             ... with a magic dart
             ... on level 3 of the Dungeon.
             The game lasted 00:23:19 (4590 turns).

Scypho the Grasshopper (Felid Warper)               Turns: 4590, Time: 00:23:20

Health: -3/19      AC:  1    Str:  2    XL:     4   Next: 20%
Magic:  6/9        EV: 22    Int: 15    God:    Dithmenos [......]
Gold:   106        SH:  0    Dex: 15    Spells: 2/9 levels left
                                        Lives:  0   Deaths: 1

rFire    . . .     SeeInvis +     - Unarmed
rCold    . . .     Gourm    .   (shield unavailable)
rNeg     . . .     Faith    .   (armour unavailable)
rPois    .         Spirit   .   (helmet unavailable)
rElec    .         Reflect  .   (cloak unavailable)
rCorr    .         Harm     .   (gloves unavailable)
MR       .....                  (boots unavailable)
Stlth    +++.......             (no amulet)
HPRegen  0.06/turn              k - -5 ring of strength (curse)
MPRegen  0.11/turn              g - +4 ring of evasion

@: quick
A: very small, no armour, no weapons or thrown items, stealth, claws 1, fangs 3,
see invisible, carnivore, speed 1, shaggy fur 1, slow metabolism 1, sharp paws
a: Renounce Religion


You were on level 3 of the Dungeon.
You worshipped Dithmenos.
Dithmenos was noncommittal.
You were completely stuffed.

You visited 2 branches of the dungeon, and saw 5 of its levels.
You also visited: Sewer.

You collected 106 gold pieces.

Inventory:

Jewellery
 g - a +4 ring of evasion (right paw)
 k - a cursed -5 ring of strength (left paw)
Scrolls
 e - 2 scrolls of fear
 h - 2 scrolls of magic mapping
 j - a scroll of blinking
Potions
 a - 2 potions of mutation
 b - a potion of curing
 d - a potion of magic
 f - a potion of heal wounds {unknown}
Comestibles
 c - 6 rations


   Skills:
 - Level 2.0 Fighting
 - Level 3.2 Dodging
 * Level 3.1 Stealth
 + Level 3.2 Unarmed Combat
 - Level 3.1 Spellcasting
 + Level 1.2 Charms
 - Level 5.0 Translocations


You had 2 spell levels left.
You knew the following spells:

 Your Spells              Type           Power        Failure   Level  Hunger
a - Blink                 Tloc           N/A          3%          2    ##.....
b - Shroud of Golubria    Chrm/Tloc      ##........   9%          2    ##.....
c - Teleport Other        Tloc           ###.....     8%          3    ###....

Your spell library contained the following spells:

 Spells                   Type           Power        Failure   Level  Hunger
 Gell's Gravitas          Tloc           ###.......   8%          3    ###....
 Lesser Beckoning         Tloc           ###.......   8%          3    ###....
 Passage of Golubria      Tloc           N/A          26%         4    #####..


Dungeon Overview and Level Annotations

Branches:
Dungeon (4/15)             Temple (1/1) D:4

Altars:
Cheibriados
Dithmenos
Elyvilon
Fedhas
Kikubaaqudgha
Makhleb
Nemelex Xobeh
Okawaru
Qazlal
Ru
Trog
Uskayaw
Xom
Yredelemnul

Annotations:
D:2 Jessica
D:3 2 transporters, Natasha
D:4 Eustachio


Innate Abilities, Weirdness & Mutations

You cannot wear armour.
You are incapable of wielding weapons or throwing items.
Your paws allow you to move quietly. (Stealth)
You have sharp claws.
You have razor-sharp teeth.
You have supernaturally acute eyesight. (SInv)
You are carnivorous and can eat meat at any time.
You cover ground quickly.
You are covered in fur. (AC +1)
You have a slow metabolism.
Your sharp claws are effective at attacking unaware monsters.


Message History

You scratch the howler monkey.
Your shroud begins to fray at the edges.
The howler monkey closely misses you.
You closely miss the howler monkey. The howler monkey closely misses you.
The howler monkey barely misses you.
You scratch the howler monkey. The howler monkey hits you.
* * * LOW HITPOINT WARNING * * *
You can't go up here!
The howler monkey hits you.
* * * LOW HITPOINT WARNING * * *
You climb downwards.
Level annotation: 2 transporters, Natasha Your magical contamination has completely faded away.
There is a stone staircase leading up here.
Your shroud unravels.
Natasha casts a spell.
The howler monkey hoots and howls with incredible vigour!
Natasha stares at you and mumbles some strange words.
The magic dart hits you!
You die...

..##._.h.<...##.##..##.#..####.##
#......##.#.###.##..##...........
.###...##.#.##...#........#######
.# #.##...#..h.....####...#8≈#5..
.###.##.######...### #...#P.#≈≈≈
#...###.# #.h.######...#$.#..≈
#..## #.# #...........©#©[+..≈
#h## #.# #...#####...)#$.#..≈
#.#####.## ###@....#....#P.#≈≈≈
#....#...#######.....#....#8≈#o55
#.##..#...K(.((...........#######
#.##.#.#.#######.....#..#...).)..
#.##.##.## #.....#..#########
#.##.#### #######..### #.##.#
#....# #.##.# #########.##.#
#.##.# #.......<.##.#


You could see a howler monkey and Natasha.

Vanquished Creatures
  Robin (D:3)
  4 adders
  An ooze (D:3)
  A dart slug (D:1)
  4 worms
  A leopard gecko (D:1)
  A ball python (D:4)
  7 giant cockroaches
  18 goblins
  6 hobgoblins
  5 jackals
  6 bats
  7 frilled lizards
  9 kobolds
  8 rats
79 creatures vanquished.

Notes
Turn   | Place    | Note
-------+----------+-------------------------------------------
     0 | D:1      | Scypho the Felid Warper began the quest for the Orb.
     0 | D:1      | Reached XP level 1. HP: 9/9 MP: 4/4
   218 | D:1      | Reached XP level 2. HP: 10/13 MP: 6/6
   228 | D:1      | Learned a level 2 spell: Blink
   231 | D:1      | Learned a level 2 spell: Shroud of Golubria
   973 | D:1      | Reached XP level 3. HP: 16/16 MP: 8/8
  1749 | D:2      | Noticed Jessica
  1893 | D:2      | Found a white marble altar of Elyvilon.
  1916 | D:2      | Reached skill level 5 in Translocations
  1952 | D:2      | Found a sparkling altar of Nemelex Xobeh.
  2165 | D:2      | Found a faded altar of an unknown god.
  2255 | D:2      | Learned a level 3 spell: Teleport Other
  2903 | D:3      | Found an ancient bone altar of Kikubaaqudgha.
  2939 | D:3      | Reached XP level 4. HP: 19/19 MP: 6/9
  2948 | D:3      | Reached skill level 1 in Stealth
  2983 | D:3      | Found a basalt altar of Yredelemnul.
  3195 | D:3      | Found a transporter.
  3199 | D:3      | Found a transporter.
  3214 | D:3      | Noticed Robin
  3311 | D:3      | Killed Robin
  3410 | D:3      | Found a snail-covered altar of Cheibriados.
  3461 | D:3      | Reached skill level 1 in Charms
  3471 | D:3      | Noticed Natasha
  3485 | D:3      | Killed from afar by Natasha
  3486 | D:3      | Reached XP level 3. HP: 0/16 MP: 6/8
  3780 | D:3      | Reached XP level 4. HP: 10/19 MP: 4/9
  4076 | D:4      | Found a glowing drain.
  4113 | Sewer    | Entered a sewer
  4312 | Sewer    | Noticed a crocodile
  4367 | D:4      | Found a staircase to the Ecumenical Temple.
  4381 | D:4      | Noticed Eustachio
  4383 | Temple   | Entered the Ecumenical Temple
  4451 | Temple   | Became a worshipper of Dithmenos the Shadowed
  4590 | D:3      | Killed from afar by Natasha

Vault maps used:
D:1:      dpeg_arrival_long_road
D:2:      elyvilon_altar_3, nicolae_overflow_hidden_temple,
          chequers_ecumenical_altar_grove, serial_co_window_serial,
          co_window_paths_b, co_window_paths_a, co_window_paths_a,
          co_window_paths_a, co_window_of_opportunity_a, co_window_broadway_c,
          co_window_of_opportunity_c, co_window_corner_b, co_window_4corner_b,
          glass_columns_b, glass_columns_a, glass_columns_c, glass_columns_c,
          uniq_terence, uniq_jessica
D:3:      gammafunk_wand_slinger, old_standard_altar, old_standard_altar,
          cheibriados_altar_1, uniq_natasha, uniq_robin
D:4:      lemuel_round_altar, minmay_temple_entry_ruins, first_ration,
          cheibrodos_sewer_entry_sluice, uniq_eustachio
Temple:   nicolae_temple_figure_zero
Sewer:    sewer_the_crocodile

Skill      XL: |  1  2  3  4 |
---------------+-------------+-----
Spellcasting   | 3 |  3.1
Translocations | 5 |  5.0
Stealth        | 3 |  3.1
Unarmed Combat | 3 |  3.2
Charms         | 1 |  1.2
Fighting       | |  2.0
Dodging        | |  3.2

Action                   |  1- 3 |  4- 6 || total
-------------------------+-------+-------++-------
Melee: Unarmed           |   203 |   176 ||   379
       Bite              |    12 |    11 ||    23
       Punch             |     2 |     4 ||     6
 Cast: Shroud of Golubri |     7 |    13 ||    20
       Blink             |     6 |       ||     6
  Use: Scroll            |     8 |     1 ||     9
 Stab: Sleeping          |     2 |     2 ||     4
  Eat: Chunk             |    14 |     7 ||    21
Armor: Skin              |     5 |     1 ||     6
Dodge: Dodged            |   135 |   168 ||   303

Table legend:
 A = Non-vault XP
 B = Vault XP
 C = Vault XP percentage of total XP
 D = Non-vault monster count
 E = Vault monster count
 F = Vault count percentage of total count
                 A         B        C        D         E       F
            +---------+---------+-------+---------+---------+-------
      Total |     163 |      45 |  21.6 |      64 |      15 |  19.0
            +---------+---------+-------+---------+---------+-------
        D:1 |      55 |       0 |   0.0 |      32 |       0 |   0.0
        D:2 |      33 |       0 |   0.0 |      14 |       0 |   0.0
        D:3 |      75 |      29 |  27.9 |      18 |       8 |  30.8
        D:4 |       0 |       7 | 100.0 |       0 |       2 | 100.0
      Sewer |       0 |       9 | 100.0 |       0 |       5 | 100.0
            +---------+---------+-------+---------+---------+-------
